AoeStats
← 牛油果

Arabia

510081130Analyzed
1v1 RM · 2d ago on Sep 29, 2026· 45m 32s· 2 players
Game mode
Random Map
Map size
Tiny (2 player)
Population
200
Speed
Normal
Resources
Standard
Victory
Conquest
Starting age
Dark Age
Ending age
Imperial Age
RankedLock teamsTeams togetherTeam positionsShared explorationLock speedFull tech treeHidden civsTurbo modeCheats
Victory
Defeat
🇭🇰 Vietnamese · Hong Kong SAR China
1835
+23
🇳🇱 Varangians · Netherlands
1997
-23
squashy5000
6:23 Loom
8:51 Feudal Age
9:31 Double-Bit Axe
11:47 Horse Collar
18:37 Castle Age
16:51 Gold Mining
17:27 Fletching
19:26 Bodkin Arrow
19:54 Bow Saw
20:23 Wheelbarrow
21:11 Padded Archer Armor
22:33 Leather Archer Armor
22:42 Bloodlines
22:05 Elite Skirmisher
25:19 Husbandry
27:12 Hand Cart
26:43 Town Watch
28:29 Heavy Plow
34:29 Imperial Age
32:52 Ballistics
34:12 Stone Mining
35:41 Scale Barding Armor
35:46 Forging
35:44 Bracer
36:46 Chemistry
35:41 Heavy Mounted Crossbowman
37:49 Ring Archer Armor
37:24 Scale Barding Armor
36:44 Cranequins
40:37 Scale Barding Armor
40:44 Forging
41:49 Chain Barding Armor
42:26 Light Cavalry
牛油果
6:06 Loom
9:21 Feudal Age
9:48 Double-Bit Axe
10:19 Horse Collar
14:34 Wheelbarrow
15:54 Gold Mining
18:37 Castle Age
17:11 Fletching
19:31 Bow Saw
19:36 Bodkin Arrow
20:21 Padded Archer Armor
22:52 Husbandry
23:50 Heavy Plow
24:32 Bloodlines
26:23 Ballistics
28:31 Heavy Plow
29:24 Hand Cart
30:27 Leather Archer Armor
30:29 Town Watch
30:41 Stone Mining
34:04 Imperial Age
31:00 Elite Skirmisher
32:17 Thumb Ring
34:46 Bracer
35:47 Chemistry
34:15 Imperial Skirmisher
35:55 Two-Man Saw
35:26 Crop Rotation
35:45 Ring Archer Armor
35:48 Scale Mail Armor
35:59 Forging
36:42 Paper Money
37:49 Stone Shaft Mining
38:18 Scale Barding Armor
38:48 Iron Casting
39:38 Chain Barding Armor
38:39 Light Cavalry
40:00 Chain Mail Armor
42:48 Plate Barding Armor
Connection lost

Rejoining the realm…

Still unreachable

The connection could not be restored.

Session expired

The server has moved on; the page needs a fresh start.